 Dungeon Crawl Stone Soup version 0.29.1-15-g9cfb28693d (webtiles) character file.

Game seed: 4255006191162053014

359 Peloso the Covered (level 6, -4/56 HPs)
             Began as a Minotaur Fighter on Apr 22, 2023.
             Engulfed by a cloud of steam (9 damage)
             ... on level 6 of the Dungeon.
             The game lasted 00:05:10 (4216 turns).

Peloso the Covered (Minotaur Fighter)               Turns: 4216, Time: 00:05:10

Health: -4/56      AC: 11    Str: 21    XL:     6   Next: 37%
Magic:  5/5        EV: 10    Int:  5    God:
Gold:   224        SH:  4    Dex: 11    Spells: 5/5 levels left

rFire   . . .      SeeInvis .   a - +1 long sword
rCold   . . .      Faith    .   d - +0 buckler
rNeg    . . .      Spirit   .   b - +0 scale mail
rPois   .          Reflect  .   (helmet restricted)
rElec   .          Harm     .   (no cloak)
rCorr   .          Rampage  .   j - +0 pair of gloves
Will    .....                   c - +1 pair of boots
Stlth   ..........              (no amulet)
HPRegen 0.18/turn               (no ring)
MPRegen 0.09/turn               (no ring)

@: no status effects
A: horns 2, retaliatory headbutt
a: no special abilities


You were on level 6 of the Dungeon.
You visited 1 branch of the dungeon, and saw 6 of its levels.

You collected 266 gold pieces.
You spent 42 gold pieces at shops.

Inventory:

Hand Weapons
 a - a +1 long sword (weapon)
Armour
 b - a +0 scale mail (worn)
 c - a +1 pair of boots (worn)
 d - a +0 buckler (worn)
 j - a +0 pair of gloves (worn)
Scrolls
 g - 2 scrolls of enchant weapon
 k - 2 scrolls of magic mapping
 m - a scroll of enchant armour {unknown}
 o - a scroll of teleportation {unknown}
Potions
 e - a potion of curing {unknown}
 f - a potion of flight
 h - a potion of cancellation
 i - a potion of ambrosia
 l - 2 potions of might
 n - a potion of berserk rage {unknown}


   Skills:
 + Level 5.0 Fighting
 + Level 5.0 Long Blades
 + Level 5.7 Armour
 + Level 1.7 Dodging
 + Level 0.3 Stealth
 + Level 4.2 Shields


You had 5 spell levels left.
You didn't know any spells.
Your spell library contained the following spells:

 Spells                   Type           Power      Damage    Failure   Level
 Necrotise                Necr           0%         1d4       87%         1
 Blink                    Tloc           0%         N/A       95%         2
 Poisonous Vapours        Pois/Air       0%         N/A       95%         2
 Lesser Beckoning         Tloc           0%         N/A       99%         3
 Vampiric Draining        Necr           0%         2d6       99%         3
 Corpse Rot               Necr/Pois/Air  0%         N/A       100%        4
 Agony                    Necr           0%         N/A       100%        5
 Manifold Assault         Tloc           0%         N/A       100%        5


Dungeon Overview and Level Annotations

Branches:
Dungeon (6/15)
 Temple: D:4-7

Altars:
Dithmenos
Kikubaaqudgha
Xom

Shops:
D:5 ?


Innate Abilities, Weirdness & Mutations

You have a pair of horns on your head.
You reflexively headbutt those who attack you in melee.


Message History

You block the steam dragon's attack. The steam dragon barely misses you.
You hit the steam dragon.
The steam dragon is heavily wounded.
The steam dragon bites you but does no damage.
The steam dragon barely misses you.
You hit the steam dragon but do no damage.
The steam dragon is heavily wounded.
You block the steam dragon's attack.
The steam dragon claws you but does no damage.
The steam dragon barely misses you. The steam dragon claws you.
You hit the steam dragon.
The steam dragon is severely wounded.
The steam dragon breathes steam at you. The ball of steam hits you!
You hit the steam dragon. You headbutt the steam dragon.
The steam dragon is almost dead.
You are engulfed in a cloud of scalding steam.
You block the steam dragon's attack.
The steam dragon claws you but does no damage.
You hit the steam dragon but do no damage.
The steam dragon is severely wounded.
You are engulfed in a cloud of scalding steam.
* * * LOW HITPOINT WARNING * * *
The steam dragon bites you.
* * * LOW HITPOINT WARNING * * *
You block the steam dragon's attack.
You hit the steam dragon.
The steam dragon is almost dead.
The steam dragon bites you but does no damage.
The steam dragon claws you but does no damage.
You hit the steam dragon but do no damage.
Your headbutt misses the steam dragon.
The steam dragon is almost dead.
The steam dragon breathes steam at you. The ball of steam hits you!
* * * LOW HITPOINT WARNING * * *
You hit the steam dragon.
You kill the steam dragon!
You are engulfed in a cloud of scalding steam.
You die...

#. .. .#### #
...##.# #...#.
#....
###.##§..#######
....§..§@.......
.#####.########
#.# #<# #.# #.#
#.# #.# #.#


There were no monsters in sight!

Vanquished Creatures
  A steam dragon (D:6)
  2 lemures (D:4)
  A phantom (D:5)
  A scorpion (D:5)
  A jelly (D:5)
  Jessica (D:2)
  An iguana (D:4)
  An orc wizard (D:3)
  7 adders
  An ufetubus (D:5)
  A dart slug (D:5)
  3 orcs
  3 bats
  3 endoplasms (D:3)
  2 giant cockroaches
  3 goblins
  6 hobgoblins
  2 jackals (D:2)
  A quokka (D:1)
  2 ball pythons (D:1)
  A frilled lizard (D:3)
  5 kobolds
  8 rats
57 creatures vanquished.

Notes
Turn   | Place    | Note
-------+----------+-------------------------------------------
     0 | D:1      | Peloso the Minotaur Fighter began the quest for the Orb.
     0 | D:1      | Reached XP level 1. HP: 19/19 MP: 0/0
   377 | D:1      | Reached XP level 2. HP: 25/27 MP: 1/1
   935 | D:2      | Noticed Jessica
   948 | D:2      | Killed Jessica
   949 | D:2      | Reached XP level 3. HP: 30/33 MP: 2/2
  1408 | D:2      | Reached XP level 4. HP: 29/40 MP: 3/3
  2326 | D:3      | Reached skill level 1 in Dodging
  2397 | D:3      | Identified the +0 leather armour of Distant Worlds {+Inv
                  | rF- Str+6}
  2540 | D:3      | Reached XP level 5. HP: 47/47 MP: 4/4
  2555 | D:3      | Reached skill level 5 in Armour
  2781 | D:3      | Found a faded altar of an unknown god.
  3060 | D:4      | Noticed a lemure
  3064 | D:4      | Noticed a lemure
  3093 | D:4      | Killed a lemure
  3104 | D:4      | Killed a lemure
  3254 | D:4      | Found a shimmering altar of Xom.
  3263 | D:5      | Entered Level 5 of the Dungeon
  3412 | D:5      | Found Sist's Magic Scroll Shoppe.
  3422 | D:5      | Bought a scroll of identify for 28 gold pieces
  3422 | D:5      | Bought a scroll of noise for 14 gold pieces
  3507 | D:5      | Noticed a phantom
  3530 | D:5      | Killed a phantom
  3531 | D:5      | Reached XP level 6. HP: 25/55 MP: 5/5
  3950 | D:5      | Reached skill level 5 in Fighting
  3950 | D:5      | Reached skill level 5 in Long Blades
  4093 | D:5      | Found a shadowy altar of Dithmenos.
  4116 | D:5      | Found an ancient bone altar of Kikubaaqudgha.
  4199 | D:6      | Noticed a steam dragon
  4216 | D:6      | Killed a steam dragon
  4216 | D:6      | Engulfed by a cloud of steam

Illustrated notes

Levels and vault maps discovered:
D:1:      wander_arrival_chamber, layout_loops_cross, minmay_crystal_water,
          serial_bayou_pond_a
D:2:      layout_basic, uniq_jessica
D:3:      layout_loops_ring, chequers_ecumenical_altar_grove, dk_noncrumbling_4,
          small_statue_intersection
D:4:      layout_rooms, xom_butterflies, uniq_pikel
D:5:      layout_loops_ring, mainiacjoe_overflow_swirl, serial_shops, shop
D:6:      layout_loops_ring, mainiacjoe_overflow_catwalk,
          minmay_temple_entry_junction_2, corexii_item_surrounded_by_moat,
          uniq_eustachio

Skill      XL: |  1  2  3  4  5  6 |
---------------+-------------------+-----
Armour         | 4 5 |  5.7
Fighting       | 4 5 |  5.0
Long Blades    | 3 4 5 |  5.0
Shields        | 4 |  4.2
Dodging        | 1 |  1.7
Stealth        | |  0.3

Action                   |  1- 3 |  4- 6 || total
-------------------------+-------+-------++-------
Melee: Long sword        |    86 |   131 ||   217
       Headbutt          |    13 |    16 ||    29
  Use: Potion            |     3 |     1 ||     4
       Scroll            |       |     7 ||     7
Armor: Scale mail        |    48 |    62 ||   110
Dodge: Dodged            |    41 |    46 ||    87
Block: Buckler           |    21 |    31 ||    52
